Map: Odyssey LE

Players

Whiskydog

  • Race: Terran Terran
  • League: Silver
  • Spawn Location: 5:00

Cloud - Winner!

  • Race: Terran Terran
  • Spawn Location: 11:00

VOD

Have the link to the VOD?

Description

Time

  • Played on: June 18, 2017, 3:29 a.m.
  • Length: 4:19
Show
View Real Time Build Order
Export as new Build Order

Whiskydog Terran 

Build Orders:  

Get SALT Encoding   

  12  0:03  SCV  
  13  0:15  SCV  
  13  0:18  Supply Depot  
  14  0:27  SCV  
  15  0:40  SCV  
  15  0:41  Barracks  
  16  0:52  SCV  
  17  0:57  Refinery  
  18  1:04  SCV  
  18  1:16  SCV  
  19  1:22  Supply Depot  
  19  1:29  Orbital Command  
  19  1:47  Command Center  
  19  1:58  Barracks Reactor  
  19  2:05  Barracks  
  19  2:16  SCV  
  19  2:22  Factory  
  20  2:28  SCV  
  20  2:29  Refinery  
  21  2:35  Marine  
  21  2:36  Marine  
  23  2:40  SCV  
  24  2:50  Supply Depot  
  24  2:52  SCV  
  24  2:54  Barracks Tech Lab  
  24  2:56  Marine x2  
  27  3:04  SCV  
  27  3:05  Orbital Command  
  28  3:12  Factory Reactor  
  28  3:17  Marine  
  28  3:18  Marine  
  30  3:20  Marine  
  30  3:25  SCV  
  30  3:43  Marine  
  30  3:44  Marine x2  
  30  3:46  Orbital Command  
  27  4:00  Marine  
Show
View Real Time Build Order
Export as new Build Order

Cloud Terran - Winner!

Build Orders:  

Get SALT Encoding   

  12  0:13  Supply Depot, SCV  
  13  0:25  SCV  
  13  0:27  Refinery  
  14  0:41  Barracks  
  14  0:44  SCV  
  15  0:56  SCV  
  16  1:08  SCV  
  16  1:09  Barracks  
  17  1:20  SCV  
  18  1:29  Barracks Reactor  
  18  1:32  Supply Depot  
  18  1:33  SCV  
  19  1:45  SCV  
  20  1:57  SCV  
  20  2:00  Barracks Tech Lab  
  21  2:07  Marine  
  22  2:09  Marine  
  23  2:20  Marauder  
  23  2:21  Combat Shields  
  25  2:28  Marine  
  25  2:29  Marine  
  27  2:35  Supply Depot  
  27  2:41  Marauder  
  29  2:46  Marine x2  
  31  2:52  Refinery  
  31  2:58  Supply Depot  
  31  3:03  Marauder  
  31  3:04  Marine x2  
  35  3:16  SCV  
  36  3:24  Marauder  
  36  3:25  Marine x2  
  40  3:28  SCV  
  38  3:57  Marine x3  
Tags
 
League
Silver
Matchup
TvT
Race
Terran
Replay Pack
SIII
Spawn Locations
Cross Positions
Add a new tag
Caveats
  • Supply blocks, unpowered buildings, or Contaminate may cause inaccurate times.
  • Supply counts are checked every 10 seconds.